 Dungeon Crawl Stone Soup version 0.28-a0-1184-g53156a8862 (webtiles) character file.

Game seed: 17048208872902055810

74 ytrimaz the Insei (level 4, -1/28 HPs)
             Began as an Octopode Transmuter on Dec 18, 2021.
             Slain by an iguana (6 damage)
             ... on level 3 of the Dungeon.
             The game lasted 00:02:23 (2864 turns).

ytrimaz the Insei (Octopode Transmuter)             Turns: 2864, Time: 00:02:24

Health: -1/28      AC:  1    Str:  9    XL:     4   Next: 30%
Magic:  8/8        EV: 13    Int: 17    God:
Gold:   105        SH:  0    Dex: 12    Spells: 2/8 levels left

rFire   . . .      SeeInvis .     - Unarmed
rCold   . . .      Faith    .   (no shield)
rNeg    . . .      Spirit   .   (helmet restricted)
rPois   .          Reflect  .   (no amulet)
rElec   .          Harm     .   (no ring)
rCorr   .          Rampage  .   (no ring)
Will    .....                   (no ring)
Stlth   ++........              (no ring)
HPRegen 0.09/turn               (no ring)
MPRegen 0.11/turn               (no ring)
                                (no ring)
                                (no ring)

@: brilliant, attractive
A: almost no armour, amphibious, 8 rings, camouflage 1, gelatinous body 1,
(nimble swimmer 1), tentacles
a: no special abilities


You were on level 3 of the Dungeon.
You visited 1 branch of the dungeon, and saw 3 of its levels.

You collected 105 gold pieces.

Inventory:

Jewellery
 b - a ring of ice
Scrolls
 e - a scroll of teleportation
Potions
 a - a potion of flight
 f - 2 potions of heal wounds {unknown}
 g - a potion of might {unknown}


   Skills:
 * Level 1.3 Fighting
 * Level 2.3 Dodging
 + Level 3.7 Unarmed Combat
 * Level 2.8 Spellcasting
 * Level 2.5 Transmutations


You had 2 spell levels left.
You knew the following spells:

 Your Spells              Type           Power      Damage    Failure   Level
a - Beastly Appendage     Tmut           32%        N/A       6%          1
b - Wereblood             Tmut           16%        N/A       10%         2
c - Spider Form           Tmut/Pois      9%         N/A       32%         3

Your spell library contained the following spells:

 Spells                   Type           Power      Damage    Failure   Level
 Ice Form                 Ice/Tmut       9%         N/A       71%         4


Dungeon Overview and Level Annotations

Branches:
Dungeon (3/15)

Altars:
Vehumet


Innate Abilities, Weirdness & Mutations

You cannot wear most types of armour.
You are amphibious.
You can wear up to eight rings at the same time.
Your skin changes colour to match your surroundings (Stealth+).
Your rubbery body absorbs attacks. (AC +1, EV +1)
((You are camouflaged near water. (Stealth+)))
You have tentacles for arms and can constrict up to eight enemies at once.


Message History

You grab the iguana.
You constrict the iguana, but do no damage.
The iguana closely misses you.
You tentacle-slap the iguana but do no damage.
You constrict the iguana. You tentacle-slap the iguana.
The iguana is moderately wounded.
You constrict the iguana, but do no damage.
The iguana barely misses you.
You tentacle-slap the iguana but do no damage.
The iguana is moderately wounded.
You constrict the iguana, but do no damage.
The iguana bites you!
You tentacle-slap the iguana but do no damage.
The iguana is moderately wounded.
You constrict the iguana. The iguana bites you!
Ouch! That really hurt!
* * * LOW HITPOINT WARNING * * *
You barely miss the iguana.
The iguana is moderately wounded.
You constrict the iguana. The iguana misses you.
Unknown command.
Unknown command.
Casting: Beastly Appendage (safe; 6% risk of failure)
Confirm with . or Enter, or press ? or * to list all spells.
The spell is extremely dangerous to miscast (32% risk of failure)!
Continue anyway?
Uppercase [Y]es or [N]o only, please.
The spell is extremely dangerous to miscast (32% risk of failure)!
Continue anyway?
Okay, then.
You release your grip on the iguana.
Okay, then.
There is an open door here.
It was a potion of brilliance.
You feel clever all of a sudden. The iguana barely misses you.
Unknown command.
It was a potion of attraction.
You feel attractive to monsters. The iguana bites you.
You die...

#...†.......##.......#
#....†......##########
#...........+
#...........#
#....†......#
#...........##
###..........#
#..........#
######..@.......#
#...##.l........#
####+####...##..........#
........'...............+
.....####....#..........#
##...# #....#..........#
#...# #....#..........#
#.#.# ####.#..........#
#.#.# #.#..........#


You could see an iguana.

Vanquished Creatures
  A gnoll (D:1)
  An adder (D:2)
  A worm (D:3)
  5 dart slugs
  3 endoplasms (D:1)
  4 giant cockroaches
  3 goblins
  3 hobgoblins
  5 kobolds
  5 quokkas
  5 ball pythons
  4 bats (D:1)
  2 rats (D:1)
42 creatures vanquished.

Notes
Turn   | Place    | Note
-------+----------+-------------------------------------------
     0 | D:1      | ytrimaz the Octopode Transmuter began the quest for the
                  | Orb.
     0 | D:1      | Reached XP level 1. HP: 13/13 MP: 3/3
   592 | D:1      | Reached XP level 2. HP: 11/18 MP: 5/5
   595 | D:1      | Learned a level 2 spell: Wereblood
   722 | D:1      | Found a faded altar of an unknown god.
  1496 | D:1      | Reached XP level 3. HP: 16/23 MP: 4/6
  1500 | D:1      | Learned a level 3 spell: Spider Form
  2147 | D:2      | Reached XP level 4. HP: 27/28 MP: 5/8
  2370 | D:2      | Found a radiant altar of Vehumet.
  2864 | D:3      | Slain by an iguana

Illustrated notes

Levels and vault maps discovered:
D:1:      lemuel_arrival_behind_the_door_small, layout_loops_ring,
          shapermc_ecumenical_altar_mp_vishouse
D:2:      layout_rooms, basic_altar
D:3:      layout_basic, kennysheep_boxes

Action                   |  1- 3 |  4- 6 || total
-------------------------+-------+-------++-------
Melee: Unarmed           |    69 |    37 ||   106
       Kick              |    18 |     2 ||    20
       Constrict         |    16 |     9 ||    25
       Tentacles         |     7 |     5 ||    12
       Punch             |     1 |       ||     1
 Cast: Beastly Appendage |    16 |    12 ||    28
       Spider Form       |     2 |       ||     2
  Use: Potion            |     1 |     2 ||     3
       Scroll            |     1 |     1 ||     2
 Stab: Sleeping          |     2 |     2 ||     4
Armor: Skin              |     6 |     3 ||     9
Dodge: Dodged            |    38 |    21 ||    59

Table legend: (Time is in decaauts)
 A = Elapsed time spent in this place.
 B = Non-inter-level travel time spent in this place.
 C = Inter-level travel time spent in this place.
 D = Time resting spent in this place.
 E = Time spent auto-exploring this place.
 F = Levels seen in this place.
 G = Mean time per level.
                   A        B        C        D        E       F      G
               +--------+--------+--------+--------+--------+-----+--------+
         Total |   2836 |   2797 |     39 |    740 |   1608 |   3 |  945.3 |
       Dungeon |   2836 |   2797 |     39 |    740 |   1608 |   3 |  945.3 |
               +--------+--------+--------+--------+--------+-----+--------+

Top non-repeatable levels by time:
     D:1: 2091 daAuts
     D:2: 580 daAuts
     D:3: 164 daAuts
